 Dungeon Crawl Stone Soup version 0.22.1-1-ga44c0e5 (webtiles) character file.

212 poxvuibr the Grave Robber (level 5, 0/35 HPs)
             Began as a Demonspawn Necromancer on Oct 28, 2018.
             Slain by a river rat (6 damage)
             ... in a sewer.
             The game lasted 00:09:40 (4041 turns).

poxvuibr the Grave Robber (Demonspawn Necromancer)  Turns: 4041, Time: 00:09:41

Health: 0/35       AC:  2    Str:  8    XL:     5   Next: 58%
Magic:  11/11      EV: 12    Int: 14    God:
Gold:   133        SH:  0    Dex: 14    Spells: 11/12 levels left

rFire    . . .     SeeInvis .   q - +0 hunting sling
rCold    + . .     Gourm    .   (no shield)
rNeg     . . .     Faith    .   a - +0 robe
rPois    .         Spirit   .   (no helmet)
rElec    .         Reflect  .   (no cloak)
rCorr    .         Harm     .   (no gloves)
MR       .....                  (no boots)
Stlth    ++........             (no amulet)
HPRegen  0.11/turn              f - -3 ring of intelligence (curse)
MPRegen  0.12/turn              (no ring)

@: flying
A: cold resistance 1, foul stench 1, rot immunity
a: no special abilities


You were in a sewer.
You were not hungry.

You visited 1 branch of the dungeon, and saw 4 of its levels.
You also visited: Sewer.

You collected 133 gold pieces.

Inventory:

Hand Weapons
 e - a +0 mace
 m - a +2 dagger of speed
 q - a +0 hunting sling (weapon)
Missiles
 b - 109 stones
 i - 40 sling bullets (quivered)
Armour
 a - a +0 robe (worn)
 j - a +0 leather armour
 p - a +0 shield
Magical Staves
 w - an uncursed staff of air
Jewellery
 f - a cursed -3 ring of intelligence (left hand)
 u - an uncursed ring of flight {unknown}
Scrolls
 d - a scroll of identify
 g - a scroll of fear
 h - 2 scrolls of blinking {unknown}
 k - a scroll of fog {unknown}
 o - a scroll of remove curse {unknown}
 r - 2 scrolls of magic mapping
Potions
 l - a potion of curing {unknown}
 n - a potion of berserk rage {unknown}
 s - a potion of flight
 t - a potion of lignification {unknown}
 v - a potion of ambrosia {unknown}
Comestibles
 c - 7 rations
 x - 4 chunks of flesh


   Skills:
 - Level 1.7 Dodging
 - Level 1.7 Stealth
 + Level 4.0 Spellcasting
 + Level 6.2 Necromancy


You had 11 spell levels left.
You knew the following spells:

 Your Spells              Type           Power        Failure   Level  Hunger
z - Pain                  Necr           ###.         1%          1    None

Your spell library contained the following spells:

 Spells                   Type           Power        Failure   Level  Hunger
 Animate Skeleton         Necr           N/A          1%          1    None
 Vampiric Draining        Necr           ###.......   4%          3    ###....
 Regeneration             Chrm/Necr      ##........   16%         3    ###....
 Animate Dead             Necr           N/A          16%         4    ####...


Dungeon Overview and Level Annotations

Branches:
Dungeon (4/15)
 Temple: D:4-7

Altars:
Zin


Innate Abilities, Weirdness & Mutations

Your flesh is cold resistant. (rC+)
You may emit foul miasma when damaged in melee.
You are immune to rotting.


Message History

Firing (i - inventory. (/) - cycle)
i - 42 sling bullets (quivered)
Press: ? - help, Shift-Dir - straight line, f/p - river rat
Aim: a river rat (severely wounded)
You shoot a sling bullet.
The sling bullet closely misses the river rat.
You hear a splash.
The river rat misses you. The river rat bites you.
Firing (i - inventory. (/) - cycle)
i - 41 sling bullets (quivered)
Press: ? - help, Shift-Dir - straight line, f/p - river rat
Aim: a river rat (severely wounded)
You shoot a sling bullet. The sling bullet hits the river rat.
You kill the river rat!
The river rat bites you!
* * * LOW HITPOINT WARNING * * *
The river rat bites you.
* * * LOW HITPOINT WARNING * * *
It was a potion of flight.
You feel very buoyant.
You fly up into the air.
The river rat bites you.
You die... ############### (..(.((@rr....# ###############

You could see a river rat and a rat.

Vanquished Creatures
  A hound (D:4)
  A worker ant (D:2)
  8 adders
  A river rat (Sewer)
  An ooze (D:2)
  2 dart slugs
  2 leopard geckos
  A ball python (D:3)
  5 giant cockroaches
  10 goblins
  6 hobgoblins
  4 jackals (D:4)
  2 quokkas (D:3)
  8 bats
  3 frilled lizards
  9 kobolds
  10 rats
74 creatures vanquished.

Notes
Turn   | Place    | Note
-------+----------+-------------------------------------------
     0 | D:1      | poxvuibr the Demonspawn Necromancer began the quest for the
                  | Orb.
     0 | D:1      | Reached XP level 1. HP: 13/13 MP: 3/3
   563 | D:1      | Gained mutation: You are immune to rotting. [demonic
                  | ancestry]
   563 | D:1      | Reached XP level 2. HP: 15/19 MP: 0/5
  1600 | D:2      | Reached skill level 5 in Necromancy
  1600 | D:2      | Gained mutation: You may emit foul miasma when damaged in
                  | melee. [demonic ancestry]
  1600 | D:2      | Reached XP level 3. HP: 19/24 MP: 0/7
  1834 | D:2      | Gained mutation: Your flesh is cold resistant. (rC+)
                  | [demonic ancestry]
  1834 | D:2      | Reached XP level 4. HP: 10/30 MP: 0/8
  3397 | D:3      | Reached XP level 5. HP: 35/35 MP: 10/10
  3404 | D:3      | Found a glowing silver altar of Zin.
  3923 | D:4      | Reached skill level 6 in Necromancy
  4013 | D:4      | Found a glowing drain.
  4031 | Sewer    | Entered a sewer
  4041 | Sewer    | Slain by a river rat

Skill      XL: |  1  2  3  4  5 |
---------------+----------------+-----
Necromancy     | 5 6 |  6.2
Spellcasting   | 3 4 |  4.0
Dodging        | |  1.7
Stealth        | |  1.7

Action                   |  1- 3 |  4- 6 || total
-------------------------+-------+-------++-------
Melee: Unarmed           |     6 |       ||     6
       Mace              |     9 |       ||     9
       Dagger            |     5 |     4 ||     9
 Fire: Hunting sling     |       |    54 ||    54
 Cast: Pain              |    57 |    62 ||   119
  Use: Scroll            |       |     2 ||     2
       Potion            |       |     1 ||     1
  Eat: Chunk             |     3 |     7 ||    10
Armor: Robe              |     5 |    10 ||    15
Dodge: Dodged            |    17 |    42 ||    59
